 Dungeon Crawl Stone Soup version 0.20-a0-502-g555d78b (webtiles) character file.

68 Amnesiac the Vexing (level 4, -1/30 HPs)
             Began as a Mummy Enchanter on Jan 20, 2017.
             Slain by a hound (4 damage)
             ... on level 4 of the Dungeon.
             The game lasted 00:03:03 (1194 turns).

Amnesiac the Vexing (Mummy Enchanter)               Turns: 1194, Time: 00:03:04

Health: -1/30      AC:  6    Str: 16    XL:     4   Next: 1%
Magic:  2/9        EV: 11    Int: 15    God:
Gold:   8          SH:  0    Dex: 12    Spells: 4/10 levels left

rFire    x . .     SeeInvis .   a - +1 dagger
rCold    + . .     Gourm    .   h - -2 ring mail (curse)
rNeg     + + +     Faith    .   (no shield)
rPois    ∞         Spirit   .   (no helmet)
rElec    .         Reflect  .   e - +2 cloak
rCorr    .         Harm     .   (no gloves)
MR       .....                  (no boots)
Stlth    +.........             (no amulet)
Regen    0.1/turn               (no ring)
                                d - +5 ring of strength

@: very slightly contaminated
A: no food or potions, fire vulnerability, cold resistance 1, negative energy
resistance 3, torment resistance, unbreathing
a: no special abilities


You were on level 4 of the Dungeon.
You were not hungry.

You visited 1 branch of the dungeon, and saw 4 of its levels.

You collected 8 gold pieces.

Inventory:

Hand Weapons
 a - a +1 dagger (weapon)
 f - a +1 hunting sling of freezing
Armour
 b - a +0 robe
 e - a +2 cloak (worn)
 h - a cursed -2 ring mail (worn)
Jewellery
 d - a +5 ring of strength (left hand)
 g - a +2 ring of protection {unknown}
Books
 c - a book of Maledictions

   Spells                             Type                      Level
   a - Corona                         Hexes                        1
   b - Ensorcelled Hibernation        Hexes/Ice                    2
   c - Confuse                        Hexes                        3
   d - Tukima's Dance                 Hexes                        3
   e - Dazzling Spray                 Conjuration/Hexes            3


   Skills:
 - Level 1.0 Short Blades
 - Level 1.5 Dodging
 - Level 2.4 Stealth
 + Level 3.6 Spellcasting
 * Level 3.9 Hexes


You had 4 spell levels left.
You knew the following spells:

 Your Spells              Type           Power        Failure   Level  Hunger
e - Confuse               Hex            ##......     24%         3    N/A
f - Corona                Hex            ##.....      10%         1    N/A
z - Ensorcelled Hibernat  Hex/Ice        #.....       28%         2    N/A

Dungeon Overview and Level Annotations

Branches:
Dungeon (4/15)
 Temple: D:4-7

Altars:

Annotations:
D:4 Eustachio


Innate Abilities, Weirdness & Mutations

You do not eat or drink.
Your flesh is vulnerable to fire.
You are immune to poison.
Your flesh is cold resistant. (rC+)
You are immune to negative energy. (rN+++)
You are immune to unholy pain and torment.
You can survive without breathing.


Message History

Press: ? - help, Shift-Dir - straight line, f/p - hound
Aim: a hound (chance to defeat MR: 49%)
You miscast Ensorcelled Hibernation.
Strange energies run through your body. The hound barely misses you.
The hound bites you.
* * * LOW HITPOINT WARNING * * *
The hound bites you.
* * * LOW HITPOINT WARNING * * *
The hound barely misses you.
Okay, then.
The hound bites you but does no damage. The hound bites you.
* * * LOW HITPOINT WARNING * * *
The hound bites you but does no damage. The hound bites you but does no damage.
The hound barely misses you. The hound bites you but does no damage.
The hound closely misses you. The hound completely misses you.
The hound barely misses you. The hound bites you.
You die...

.###.#..)..# #.#
.........#)# #.#
##########.####.#
####.........##.#
>....#####...##.# #####
.##### ##..##.# #...#
.# #..##.# #...# .#####
#..##h###...#### #..<.#
#..##.@........# ####.#
#..##..........# #.#
#..###.........# #.#
#..######...#### ##.##
#..)........# ##...##
#.###.##....#
##.###.####.###.##.#..#
#.## ##...............#
#.# #...>.###.##.##.#


You could see a hound.

Vanquished Creatures
  Jessica (D:2)
  A hound skeleton (D:4)
  An adder (D:3)
  A leopard gecko (D:3)
  5 orcs (D:4)
  A giant cockroach (D:2)
  A goblin (D:3)
  3 jackals (D:4)
  A frilled lizard (D:3)
  A rat (D:3)
16 creatures vanquished.

Notes
Turn   | Place    | Note
-------+----------+-------------------------------------------
     0 | D:1      | Amnesiac the Mummy Enchanter began the quest for the Orb.
     0 | D:1      | Reached XP level 1. HP: 13/13 MP: 4/4
    78 | D:2      | Reached skill level 1 in Short Blades
   310 | D:2      | Noticed Jessica
   325 | D:2      | Killed Jessica
   325 | D:2      | Reached XP level 2. HP: 10/19 MP: 6/6
   329 | D:2      | Learned a level 2 spell: Ensorcelled Hibernation
   510 | D:3      | Reached XP level 3. HP: 24/24 MP: 4/7
   518 | D:3      | Learned a level 3 spell: Confuse
   715 | D:4      | Noticed Eustachio
  1140 | D:4      | Reached XP level 4. HP: 19/30 MP: 2/9
  1194 | D:4      | Slain by a hound

Vault maps used:
D:1:      minmay_arrival_up_and_down, chequers_big_river
D:2:      marbit_many_paths, first_bread, st_stairs_12, uniq_jessica, uniq_iyjb
D:3:      lemuel_crystal_altar, kennysheep_generic_room_9
D:4:      cheibrodos_helix_gallery, uniq_eustachio

Skill      XL: |  1 |
---------------+----+-----
Short Blades   | 1 |  1.0
Spellcasting   | 3 |  3.6
Hexes          | 3 |  3.9
Dodging        | |  1.5
Stealth        | |  2.4

Action                   |  1- 3 |  4- 6 || total
-------------------------+-------+-------++-------
Melee: Dagger            |    62 |     1 ||    63
 Cast: Corona            |     8 |       ||     8
       Ensorcelled Hiber |     9 |     1 ||    10
       Confuse           |     3 |       ||     3
  Use: Scroll            |     1 |       ||     1
 Stab: Sleeping          |     7 |       ||     7
Armor: Robe              |    20 |       ||    20
       Ring mail         |    10 |     8 ||    18
Dodge: Dodged            |    84 |    11 ||    95
